 Dungeon Crawl Stone Soup version 0.23.2-40-g277498a001 (webtiles) character file.

Game seed: 15892882094469889875

68 Marnok the Charlatan (level 3, -6/28 HPs)
             Began as a Demigod Artificer on Oct 7, 2019.
             Mangled by a gnoll
             ... wielding a +0 spear
              (10 damage)
             ... on level 2 of the Dungeon.
             The game lasted 00:05:37 (1568 turns).

Marnok the Charlatan (Demigod Artificer)            Turns: 1568, Time: 00:05:38

Health: -6/28      AC:  4    Str: 17    XL:     3   Next: 73%
Magic:  7/7        EV: 13    Int: 15    God:
Gold:   104        SH:  0    Dex: 16    Spells: 2/2 levels left

rFire    . . .     SeeInvis .   a - +0 short sword
rCold    . . .     Gourm    .   (no shield)
rNeg     . . .     Faith    .   b - +0 leather armour
rPois    .         Spirit   .   n - +0 helmet
rElec    .         Reflect  .   (no cloak)
rCorr    .         Harm     .   (no gloves)
MR       .....                  (no boots)
Stlth    ++........             (no amulet)
HPRegen  0.09/turn              (no ring)
MPRegen  0.10/turn              (no ring)

@: no status effects
A: high mp 1
a: no special abilities


You were on level 2 of the Dungeon.
You were not hungry.

You visited 1 branch of the dungeon, and saw 3 of its levels.

You collected 104 gold pieces.

Inventory:

Hand Weapons
 a - a +0 short sword (weapon)
Armour
 b - a +0 leather armour (worn)
 n - a +0 helmet (worn)
Wands
 c - a wand of flame (15)
 d - a wand of enslavement (14)
 e - a wand of random effects (15)
Scrolls
 g - 3 scrolls of identify
 h - a scroll of enchant armour {unknown}
 k - a scroll of enchant weapon {unknown}
 m - 2 scrolls of amnesia
 o - a scroll of magic mapping {unknown}
 q - a scroll of immolation {unknown}
Potions
 i - a potion of flight
 l - a potion of curing
Comestibles
 f - 3 rations


   Skills:
 + Level 1.1 Fighting
 + Level 1.4 Short Blades
 + Level 1.3 Armour
 + Level 2.5 Dodging
 + Level 1.3 Stealth
 + Level 3.1 Evocations


You had 2 spell levels left.
You didn't know any spells.
Your spell library was empty.

Dungeon Overview and Level Annotations

Branches:
Dungeon (3/15)


Innate Abilities, Weirdness & Mutations

You have an increased reservoir of magic. (+10% MP)


Message History

You hit the gnoll.
The gnoll is severely wounded.
The gnoll misses you. The gnoll hits you with a +0 whip.
The gnoll closely misses you.
You barely miss the gnoll.
The gnoll is severely wounded.
The gnoll barely misses you. The gnoll hits you but does no damage.
The gnoll closely misses you.
You hit the gnoll but do no damage.
The gnoll is severely wounded.
The gnoll hits you with a +0 spear. The gnoll hits you with a +0 whip!
The gnoll closely misses you.
Okay, then.
As you read the scroll labeled ITORPH RYSU, it crumbles to dust.
It is a scroll of identify.
m - 2 scrolls of amnesia The gnoll misses you.
The gnoll hits you with a +0 whip.
* * * LOW HITPOINT WARNING * * *
The gnoll hits you from afar with a +0 spear!
You die...

(.... .. ####. ##.##
+... #... ####
#.....###..# ...#
#...g. ....# ##.#
#..... #...# #.#
#..#'###.g.# #.#
#..#....ggg# #.#
#..#.....#@# #.#
#..#.....#.# #.#
#..........# #.#
#.##.#####.# #.#
#.##.(. .... #.#
#.########.### #.#
#........#.. #.#
########.###
#.#########.#.#<###.#


You could see 4 gnolls.

Vanquished Creatures
  A bullfrog skeleton (D:2)
  An adder (D:2)
  A dart slug (D:2)
  A leopard gecko (D:1)
  5 bats
  4 giant cockroaches
  A goblin (D:2)
  3 hobgoblins
  A quokka (D:2)
  2 frilled lizards (D:2)
  5 kobolds (D:1)
  A rat (D:2)
26 creatures vanquished.

Vanquished Creatures (collateral kills)
  A rat (D:1)
1 creature vanquished.

Vanquished Creatures (others)
  A leopard gecko (D:1)
  A giant cockroach (D:2)
2 creatures vanquished.

Grand Total: 29 creatures vanquished

Notes
Turn   | Place    | Note
-------+----------+-------------------------------------------
     0 | D:1      | Marnok the Demigod Artificer began the quest for the Orb.
     0 | D:1      | Reached XP level 1. HP: 15/15 MP: 5/5
   126 | D:1      | Reached skill level 1 in Short Blades
   448 | D:1      | Reached skill level 3 in Evocations
   594 | D:1      | Reached XP level 2. HP: 21/22 MP: 6/6
  1102 | D:2      | Reached skill level 1 in Stealth
  1251 | D:2      | Reached skill level 1 in Fighting
  1301 | D:2      | Reached skill level 1 in Armour
  1301 | D:2      | Reached XP level 3. HP: 27/28 MP: 7/7
  1568 | D:2      | Mangled by a gnoll

Skill      XL: |  1  2 |
---------------+-------+-----
Short Blades   | 1 |  1.4
Evocations     | 3 |  3.1
Dodging        | 2 |  2.5
Stealth        | 1 |  1.3
Fighting       | 1 |  1.1
Armour         | 1 |  1.3

Action                   || total
-------------------------++-------
Melee: Short sword       ||   152
Evoke: Wand              ||     1
  Use: Potion            ||     4
       Scroll            ||     1
 Stab: Sleeping          ||     3
  Eat: Chunk             ||     2
Armor: Leather armour    ||    82
Dodge: Dodged            ||   155
